Map: Dusk Towers

Players

Miszu - Winner!

  • Race: Terran Terran
  • League: Grandmaster

WOLOLO

  • Race: Zerg Zerg
  • League: Grandmaster

VOD

Have the link to the VOD?

Description

Time

  • Played on: Feb. 16, 2016, 6:15 p.m.
  • Length: 44:46
Show
View Real Time Build Order
Export as new Build Order

Miszu Terran - Winner!

Build Orders: Command Center First (CC), Liberator Opening, MMM Bio 

Get SALT Encoding   

  12  0:01  SCV  
  13  0:13  SCV  
  14  0:18  Supply Depot  
  14  0:25  SCV  
  15  0:39  SCV  
  16  0:51  SCV  
  17  1:02  Command Center  
  17  1:06  SCV  
  17  1:08  Refinery  
  18  1:18  Barracks  
  18  1:21  SCV  
  19  1:33  SCV  
  20  1:45  SCV  
  21  1:57  SCV  
  22  2:10  Orbital Command  
  22  2:11  Marine  
  22  2:13  Factory  
  22  2:14  Orbital Command  
  23  2:24  Supply Depot, Refinery  
  23  2:29  Marine  
  24  2:37  SCV  
  25  2:40  SCV  
  26  2:47  Marine  
  26  2:49  SCV  
  28  2:52  SCV  
  29  2:59  Starport  
  29  3:01  SCV  
  29  3:02  Factory Tech Lab  
  29  3:04  Marine, SCV  
  29  3:05  Supply Depot  
  32  3:13  SCV  
  32  3:16  SCV  
  34  3:22  Marine  
  34  3:25  SCV  
  36  3:29  SCV  
  36  3:31  Supply Depot  
  36  3:33  Factory Tech Lab  
  37  3:37  SCV  
  37  3:40  Marine, Fusion Core  
  32  3:41  Liberator  
  39  3:42  SCV  
  40  3:51  SCV  
  40  3:53  Refinery  
  40  3:54  Refinery  
  41  3:55  Command Center  
  41  4:01  SCV  
  46  4:08  SCV  
  46  4:09  Barracks Tech Lab  
  46  4:13  SCV  
  47  4:20  SCV  
  47  4:24  Liberator  
  48  4:25  SCV  
  48  4:30  Advanced Ballistics  
  49  4:32  SCV  
  49  4:37  SCV  
  49  4:38  Marine  
  52  4:43  Barracks  
  52  4:44  Barracks, SCV  
  56  4:49  SCV  
  57  4:55  Siege Tank  
  57  4:56  SCV  
  61  5:00  Engineering Bay  
  61  5:01  Engineering Bay, SCV  
  61  5:06  Stimpack  
  61  5:07  Marine, Liberator  
  62  5:09  SCV  
  62  5:10  Supply Depot  
  62  5:13  Orbital Command  
  64  5:17  Supply Depot  
  64  5:20  SCV  
  65  5:27  SCV  
  69  5:31  Terran Infantry Armor Level 1  
  69  5:32  SCV  
  69  5:33  Terran Infantry Weapons Level 1  
  69  5:34  Barracks Reactor  
  70  5:42  Barracks Reactor  
  67  5:44  Marine  
  68  5:50  Orbital Command  
  68  5:51  Barracks  
  68  5:52  Barracks  
  68  5:54  SCV x2  
  68  5:56  Supply Depot  
  70  5:57  Supply Depot  
  70  6:03  Marine  
  71  6:04  Siege Tank  
  71  6:06  SCV x2  
  76  6:16  SCV  
  78  6:18  SCV x2  
  78  6:21  Marine  
  78  6:25  Supply Depot  
  77  6:26  Supply Depot  
  77  6:28  Marine x2, SCV  
  77  6:30  SCV x2  
  77  6:31  Refinery  
  82  6:34  Refinery  
  82  6:37  Armory  
  82  6:38  Starport Reactor  
  82  6:40  SCV  
  82  6:42  SCV x2  
  82  6:46  Marine  
  87  6:47  Marine, Barracks Tech Lab x2, Marauder  
  87  6:52  SCV  
  90  6:54  SCV  
  90  6:57  Siege Tank  
  94  7:03  SCV  
  94  7:04  SCV  
  94  7:06  Marine, Combat Shields  
  94  7:07  Supply Depot x2, Marauder x2, Concussive Shells  
  103  7:08  Marauder  
  103  7:16  Marine x3  
  103  7:17  Medivac  
  110  7:28  Marauder x2  
  116  7:30  Marauder  
  116  7:34  Marine x3  
  116  7:37  Factory  
  116  7:38  Siege Tank  
  116  7:39  Terran Infantry Armor Level 2, Barracks  
  116  7:40  Barracks  
  116  7:41  Barracks, Terran Infantry Weapons Level 2  
  116  7:43  Terran Vehicle Weapons Level 1  
  117  7:49  Marauder  
  117  7:50  Marauder  
  117  7:51  Marauder  
  123  7:58  Supply Depot  
  123  7:59  Supply Depot, Medivac x2  
  123  8:05  Marine x4  
  130  8:10  SCV x3  
  134  8:19  Siege Tank, Liberator  
  71  8:20  Liberator  
  137  8:21  Supply Depot, Factory Tech Lab  
  137  8:22  Supply Depot, SCV x2  
  139  8:34  Barracks Tech Lab x3  
  139  8:35  Marauder  
  139  8:38  Command Center  
  139  8:39  Marine  
  139  8:40  Marauder  
  150  8:45  Supply Depot  
  150  8:46  Supply Depot  
  150  8:48  Supply Depot  
  150  8:57  Ghost Academy  
  150  9:02  Liberator x2  
  150  9:08  Marine x3, Marauder x2  
  150  9:09  Marine x2  
  159  9:15  Marauder x2  
  142  9:38  Marine x9, Marauder  
  113  9:40  SCV  
  113  9:45  Liberator x2  
  110  9:46  Siege Tank x2  
  110  9:51  Planetary Fortress  
  116  9:56  Marine x8  
  116  9:57  Refinery, Marauder  
  116  9:59  Marine  
  127  10:01  Refinery  
  133  10:13  Starport, Marine  
  133  10:14  Marine x6  
  134  10:15  Marauder  
  134  10:18  Thor  
  148  10:22  Marauder x2  
  152  10:29  SCV  
  152  10:31  Marine  
  152  10:32  Marauder  
  158  10:35  Marauder  
  158  10:45  Medivac x2  
  153  10:55  Medivac  
  157  10:59  Ghost x2  
  157  11:00  Ghost x3  
  157  11:02  Marine x2  
  163  11:09  Command Center  
  160  11:12  Terran Infantry Armor Level 3, Command Center  
  160  11:15  Medivac x2  
  164  11:19  Marine x2  
  164  11:22  Missile Turret  
  166  11:29  Liberator x2  
  166  11:30  Liberator  
  172  11:48  Ghost x3  
  181  11:58  Terran Infantry Weapons Level 3  
  181  12:25  Marauder  
  181  12:27  Marauder  
  158  12:40  SCV x2  
  158  12:41  Ghost x3  
  160  12:44  Liberator  
  160  12:45  Liberator x2  
  160  12:49  Marine, Marauder  
  160  12:50  Marine x2, Marauder  
  136  13:06  Ghost  
  138  13:21  Ghost x2  
  138  13:23  Marine x5  
  138  13:24  Marine  
  148  13:27  Liberator x2  
  142  13:49  Liberator  
  142  13:54  Ghost x3  
  142  13:55  Ghost x3  
  150  13:58  Marine x3  
  150  13:59  Marine  
  161  14:16  Marine x2  
  163  14:17  Planetary Fortress  
  163  14:18  SCV  
  163  14:22  Missile Turret  
  163  14:23  Missile Turret  
  163  14:24  Marauder, Planetary Fortress  
  166  14:28  Missile Turret  
  161  14:44  Missile Turret  
  161  14:50  Refinery  
  145  15:18  Missile Turret  
  145  15:25  Command Center  
  139  15:35  Ghost x6  
  141  15:37  Medivac x2  
  141  15:42  Starport Reactor  
  153  15:50  Liberator x2  
  153  15:51  Orbital Command  
  157  16:13  Sensor Tower  
  156  16:33  Ghost x2  
  156  16:34  Ghost  
  156  16:35  Refinery  
  128  17:40  Ghost x4  
  128  17:42  Liberator x4  
  136  17:58  Ghost x2  
  144  18:24  Liberator  
  144  18:33  Ghost  
  146  18:34  Ghost  
  148  18:45  SCV  
  148  18:46  SCV x2  
  154  18:52  Marine x2  
  154  18:53  Marine  
  157  18:58  SCV x3  
  157  19:00  SCV  
  156  19:10  SCV x3  
  156  19:12  SCV  
  160  19:22  SCV  
  161  19:25  SCV x2  
  161  19:26  SCV  
  164  19:34  SCV  
  164  19:37  SCV x2  
  164  19:38  SCV  
  168  19:46  SCV  
  168  19:52  SCV x3  
  172  19:56  Refinery  
  172  19:57  Refinery, Command Center  
  172  19:58  Marine x2, SCV  
  172  19:59  Marine x2  
  177  20:04  SCV  
  177  20:05  Marine x3  
  182  20:11  Planetary Fortress  
  181  20:19  SCV  
  182  20:31  SCV x2  
  182  20:32  SCV  
  185  20:43  SCV  
  185  20:47  SCV x2  
  185  20:48  SCV  
  189  20:55  SCV  
  190  20:59  SCV  
  190  21:00  SCV x2  
  193  21:06  Ghost x3  
  199  21:12  Command Center  
  199  21:18  Terran Ship Weapons Level 1  
  199  21:21  Refinery  
  199  22:41  Missile Turret  
  199  22:52  Missile Turret  
  197  23:07  Missile Turret  
  193  23:28  Refinery  
  193  23:32  Sensor Tower  
  193  23:36  Ghost x3  
  199  23:43  Refinery  
  199  24:16  Personal Cloaking  
  198  24:54  Missile Turret  
  198  24:55  Missile Turret x2  
  198  25:11  Planetary Fortress  
  198  25:12  Command Center  
  198  25:14  Missile Turret  
  198  25:30  Missile Turret  
  198  25:51  Missile Turret  
  198  26:04  Command Center  
  198  26:07  Command Center  
  198  26:08  SCV  
  199  26:20  SCV  
  199  26:21  Hi-Sec Auto Tracking  
  199  26:22  Terran Ship Weapons Level 2  
  199  26:23  Refinery  
  200  26:26  Refinery  
  200  26:55  Command Center  
  200  27:20  Orbital Command  
  200  27:21  Planetary Fortress  
  200  27:40  Sensor Tower  
  197  28:39  Ghost Academy  
  197  28:40  Ghost Academy  
  197  28:41  Ghost Academy  
  197  28:42  Ghost Academy  
  182  29:01  Missile Turret  
  182  29:02  Refinery, Missile Turret x2  
  182  29:03  Missile Turret  
  182  29:09  Nuke x2  
  182  29:10  Nuke x2  
  182  29:31  Refinery  
  177  30:16  Nuke  
  177  30:26  Ghost x2  
  177  30:27  Ghost x3  
  183  30:56  Nuke  
  183  31:05  Barracks Tech Lab x2  
  183  31:15  Ghost  
  183  31:16  Ghost x2  
  186  31:29  Orbital Command  
  186  31:37  Orbital Command  
  186  32:00  Nuke  
  184  32:31  Liberator x2  
  184  32:32  Liberator x2  
  188  33:09  Ghost x5  
  198  33:14  Liberator  
  195  33:23  Nuke  
  198  34:02  Nuke  
  185  34:49  Ghost x2  
  185  34:50  Ghost x6  
  189  35:26  Ghost  
  189  35:27  Ghost x4  
  194  36:08  Missile Turret  
  194  36:10  Missile Turret  
  194  36:11  Missile Turret  
  194  36:25  Nuke  
  194  36:26  Nuke x2  
  194  36:39  Liberator  
  192  36:40  Liberator  
  192  36:52  Terran Ship Weapons Level 3  
  192  37:00  Missile Turret  
  198  37:08  Nuke  
  196  37:28  Ghost x2  
  185  37:35  Liberator x4  
  189  38:14  Ghost  
  189  38:18  Liberator x3  
  191  38:24  Missile Turret  
  191  38:35  Missile Turret  
  200  38:42  Missile Turret  
  195  39:00  Liberator  
  193  39:16  Nuke x4  
  193  39:19  Nuke  
  196  39:29  Terran Vehicle And Ship Armor Level 1  
  174  40:50  Ghost x4  
  182  41:16  Liberator x2  
  180  41:33  Ghost x2  
  180  41:34  Ghost x2  
  180  41:37  Medivac x2  
  165  42:51  Ghost x3  
  165  42:52  Ghost x4  
  165  42:55  Thor x2  
  122  43:56  Ghost  
  122  43:57  Ghost x5  
Show
View Real Time Build Order
Export as new Build Order

WOLOLO Zerg 

Build Orders: Hatch First 

Get SALT Encoding   

  12  0:00  Drone  
  13  0:10  Drone  
  14  0:16  Overlord  
  14  0:23  Extractor, Drone  
  16  0:35  Drone x2  
  17  0:51  Hatchery  
  17  0:54  Drone  
  17  0:57  Drone  
  18  1:08  Extractor  
  17  1:12  Spawning Pool  
  17  1:15  Drone  
  17  1:19  Drone  
  18  1:26  Drone  
  19  1:37  Overlord  
  19  1:48  Drone  
  20  1:58  Queen  
  20  1:59  Zergling x2  
  23  2:03  Queen  
  23  2:04  Zergling x2  
  26  2:09  Metabolic Boost  
  26  2:10  Drone  
  26  2:14  Drone  
  28  2:20  Overlord  
  28  2:26  Drone  
  29  2:33  Drone  
  29  2:36  Queen  
  32  2:39  Queen  
  32  2:41  Drone  
  36  2:44  Drone  
  36  2:52  Overlord  
  36  2:53  Drone  
  37  2:59  Drone  
  38  3:06  Hatchery  
  38  3:09  Drone  
  38  3:11  Drone  
  39  3:14  Drone x2  
  39  3:17  Extractor  
  40  3:21  Roach Warren  
  40  3:26  Overlord  
  39  3:28  Drone  
  39  3:30  Drone  
  39  3:32  Drone  
  42  3:34  Drone  
  42  3:36  Drone  
  42  3:39  Drone  
  45  3:44  Drone x3  
  48  3:50  Drone  
  48  3:51  Drone x2  
  51  3:57  Drone x3  
  54  4:02  Lair  
  54  4:06  Extractor, Drone  
  54  4:11  Spore Crawler  
  54  4:12  Drone, Spore Crawler  
  53  4:19  Roach  
  53  4:20  Roach x2  
  59  4:26  Drone x3  
  59  4:27  Drone  
  59  4:30  Overlord  
  63  4:32  Overlord  
  63  4:36  Extractor  
  63  4:38  Drone x3  
  65  4:49  Drone x3  
  65  4:50  Overlord  
  65  4:51  Drone x3  
  71  5:01  Ravager x3  
  71  5:02  Drone  
  71  5:05  Evolution Chamber  
  71  5:06  Drone  
  75  5:08  Spore Crawler, Drone x4, Evolution Chamber  
  77  5:15  Overseer  
  76  5:24  Queen  
  76  5:28  Drone x4  
  81  5:29  Drone x2  
  81  5:30  Overlord  
  81  5:31  Overlord  
  84  5:42  Extractor  
  83  5:44  Extractor  
  82  5:50  Overlord x2  
  82  5:53  Roach x6  
  82  5:56  Zerg Missile Weapons Level 1, Zerg Ground Armor Level 1  
  94  5:57  Hatchery  
  94  5:59  Drone  
  94  6:00  Infestation Pit  
  93  6:11  Spire  
  87  6:22  Drone x4  
  88  6:27  Extractor  
  88  6:30  Glial Reconstitution  
  88  6:31  Extractor  
  86  6:39  Drone x2  
  89  6:40  Drone x4  
  89  6:41  Drone x4  
  96  6:51  Overlord  
  96  6:57  Ravager x5  
  98  7:20  Drone x2  
  97  7:28  Drone x2  
  97  7:29  Drone  
  100  7:37  Overlord  
  100  7:38  Overlord  
  100  7:39  Hive  
  100  7:40  Pathogen Glands  
  100  7:44  Corruptor x2  
  100  7:46  Roach  
  100  7:47  Roach x11  
  100  7:50  Queen, Drone x3  
  133  7:57  Overlord x2  
  133  7:58  Overlord  
  133  8:02  Spore Crawler, Drone x2  
  134  8:06  Zerg Flyer Weapons Level 1  
  134  8:10  Zerg Ground Armor Level 2, Zerg Melee Weapons Level 1  
  134  8:30  Infestor x5  
  144  8:34  Infestor  
  144  8:36  Overlord x2  
  148  8:44  Drone x3  
  148  8:45  Spore Crawler x4  
  148  8:46  Spore Crawler, Overseer  
  146  8:56  Ultralisk Cavern, Roach x8  
  146  8:59  Ravager x2  
  163  9:05  Roach x6  
  136  9:44  Roach x3  
  136  9:45  Roach x6  
  145  9:46  Roach x2  
  145  9:48  Chitinous Plating  
  145  9:49  Drone x2  
  151  9:57  Ravager x5  
  151  9:58  Ravager  
  158  10:00  Ravager, Hatchery  
  158  10:01  Infestor  
  158  10:04  Adrenal Glands  
  159  10:14  Zerg Melee Weapons Level 2  
  159  10:19  Drone  
  159  10:20  Drone  
  161  10:21  Hatchery  
  161  10:25  Nydus Network  
  155  10:59  Zerg Ground Armor Level 3  
  155  11:03  Ultralisk x2  
  167  11:08  Ultralisk  
  173  11:12  Drone  
  174  11:36  Extractor  
  174  11:38  Drone x2  
  175  11:41  Extractor  
  175  11:44  Ultralisk x3  
  175  11:45  Zergling x2  
  175  11:46  Zergling x14  
  200  11:59  Nydus Canal  
  174  12:37  Zergling x8  
  174  12:38  Zergling x14  
  99  12:59  Ultralisk x3  
  99  13:00  Corruptor x3, Ultralisk x3  
  99  13:01  Corruptor x3  
  148  13:05  Drone x2  
  148  13:06  Drone x4  
  148  13:07  Drone x4  
  148  13:11  Drone x3  
  160  13:19  Overseer x3  
  160  13:20  Pneumatized Carapace  
  160  13:33  Ultralisk x2  
  172  13:39  Zerg Missile Weapons Level 2  
  172  13:40  Zerg Melee Weapons Level 3  
  146  13:55  Ultralisk  
  146  13:56  Zergling x2, Ultralisk  
  146  13:57  Zergling x24  
  146  13:58  Zergling x14  
  172  14:05  Infestor x2  
  172  14:08  Drone x4  
  172  14:09  Drone  
  181  14:21  Overlord x2, Hatchery  
  180  14:31  Infestor  
  180  14:32  Infestor  
  180  14:33  Ultralisk  
  180  14:34  Ultralisk  
  196  14:43  Nydus Canal  
  134  15:15  Corruptor  
  134  15:16  Corruptor x4  
  134  15:18  Ultralisk x3  
  150  15:45  Drone x2  
  150  15:47  Ultralisk x2  
  170  15:50  Ultralisk  
  170  15:55  Extractor  
  170  15:57  Overlord  
  169  15:59  Extractor  
  168  16:04  Burrow  
  168  16:10  Extractor  
  168  16:11  Zerg Flyer Weapons Level 2, Zerg Missile Weapons Level 3  
  167  16:12  Hatchery  
  167  16:13  Extractor  
  167  16:18  Drone x3  
  168  16:24  Zergling x14  
  168  16:25  Zergling x12  
  181  16:27  Nydus Canal  
  181  16:42  Infestor x3  
  123  17:35  Ultralisk x3  
  123  17:36  Infestor, Ultralisk x3  
  152  17:38  Infestor  
  154  17:47  Drone  
  154  17:48  Drone x2  
  141  18:01  Drone  
  141  18:02  Drone x2  
  141  18:04  Drone x4  
  141  18:05  Drone x2  
  150  18:21  Corruptor x3  
  150  18:22  Corruptor x3  
  150  18:25  Drone x3  
  165  18:31  Ultralisk  
  171  18:43  Hatchery  
  170  19:06  Drone x2  
  172  19:22  Corruptor x6  
  185  19:42  Hatchery  
  185  19:44  Zerg Flyer Weapons Level 3  
  184  19:47  Drone x2  
  184  19:48  Drone  
  187  19:58  Extractor  
  186  20:01  Extractor  
  185  20:11  Zergling x18  
  185  20:12  Zergling x10  
  199  20:15  Nydus Canal  
  199  20:41  Hatchery  
  198  22:15  Drone  
  199  22:23  Hatchery  
  198  22:49  Extractor  
  198  22:50  Extractor  
  156  23:26  Infestor x2  
  160  23:28  Ultralisk x4  
  160  23:31  Corruptor x2  
  160  23:32  Corruptor x5, Greater Spire  
  198  23:48  Zergling x2  
  198  23:52  Nydus Canal  
  193  24:01  Drone x3  
  193  24:02  Drone x3  
  189  24:03  Drone x4  
  189  24:04  Drone x4  
  182  24:43  Brood Lord  
  182  24:44  Brood Lord x6  
  196  24:46  Overlord x3, Zerg Flyer Armor Level 1  
  196  24:47  Overlord, Overseer x2  
  196  24:51  Overseer  
  196  24:55  Zergling x2  
  179  25:29  Ultralisk x3  
  197  25:47  Extractor, Hatchery  
  195  25:51  Extractor  
  194  25:59  Drone  
  194  26:00  Drone x5  
  200  27:04  Spore Crawler x2  
  198  27:10  Drone x2  
  190  27:46  Spore Crawler x2  
  190  27:47  Spore Crawler  
  190  27:48  Spore Crawler x2  
  190  27:49  Spore Crawler  
  190  27:50  Spore Crawler x2  
  190  27:51  Spore Crawler x2  
  181  27:52  Spore Crawler  
  181  27:53  Spore Crawler x2  
  181  27:54  Spore Crawler  
  181  27:58  Drone x2  
  156  28:35  Drone  
  156  28:36  Drone x4  
  161  28:51  Spore Crawler  
  161  28:52  Drone x2  
  161  28:53  Spore Crawler  
  161  28:55  Spore Crawler  
  160  29:00  Drone  
  160  29:01  Drone x17  
  160  29:02  Drone x5  
  182  29:03  Drone  
  183  29:12  Hydralisk Den  
  182  29:28  Viper x5  
  197  29:43  Spore Crawler x2  
  197  29:44  Spore Crawler x2  
  193  29:46  Spore Crawler x2  
  193  29:47  Spore Crawler  
  193  29:48  Spore Crawler x3  
  193  29:49  Spore Crawler x3  
  193  29:50  Spore Crawler  
  193  29:51  Spine Crawler  
  193  29:52  Spine Crawler x4  
  178  29:53  Spore Crawler, Spine Crawler  
  178  29:55  Spore Crawler  
  178  29:56  Corruptor x7, Spore Crawler  
  178  29:57  Corruptor x6  
  200  30:02  Spore Crawler  
  200  30:11  Spine Crawler x2  
  204  30:17  Spore Crawler  
  204  30:18  Spore Crawler  
  200  30:47  Spore Crawler  
  199  31:06  Spore Crawler  
  199  31:07  Spore Crawler x2  
  199  31:09  Spore Crawler x2  
  199  31:10  Spore Crawler  
  193  31:51  Spore Crawler  
  193  31:54  Spore Crawler  
  191  31:55  Spore Crawler x2  
  191  31:56  Ultralisk  
  191  31:57  Corruptor x2  
  197  32:13  Infestor x4  
  179  32:26  Brood Lord  
  179  32:27  Brood Lord x4  
  189  32:43  Corruptor  
  189  32:44  Corruptor x7  
  155  32:45  Corruptor x5  
  181  33:00  Ultralisk x2  
  181  33:01  Ultralisk  
  199  33:26  Overseer  
  199  33:27  Overseer x2  
  199  33:50  Drone  
  200  34:19  Spore Crawler x3  
  200  34:20  Spore Crawler x2  
  200  34:21  Spore Crawler  
  200  34:22  Spine Crawler x2  
  200  34:23  Spore Crawler  
  191  34:24  Spine Crawler  
  190  34:34  Spore Crawler  
  169  34:49  Corruptor x6  
  169  34:52  Viper x4  
  186  35:26  Queen x4  
  186  35:27  Queen x3  
  182  35:50  Brood Lord x2  
  182  35:51  Brood Lord x2  
  182  35:52  Brood Lord  
  182  35:56  Corruptor x2  
  182  35:57  Corruptor x2  
  200  36:09  Overseer x4  
  198  37:08  Overlord  
  198  37:10  Corruptor  
  196  37:29  Infestor x5  
  179  37:47  Corruptor x2  
  179  37:48  Corruptor x2  
  187  38:27  Infestor  
  187  38:28  Infestor x5  
  187  38:35  Zergling x2, Nydus Canal  
  187  38:36  Zergling x24  
  196  39:28  Corruptor x2  
  188  39:42  Viper  
  188  39:43  Viper x3  
  178  40:15  Spore Crawler x2  
  176  40:23  Zergling x20  
  176  40:24  Zergling x28  
  184  40:45  Queen  
  184  40:46  Queen x6  
  162  41:26  Zerg Flyer Armor Level 2  
  161  41:46  Ultralisk x3, Spore Crawler  
  178  41:47  Zergling x2  
  178  41:48  Zergling x32  
  178  41:49  Zergling x4, Spore Crawler x2  
  178  41:50  Spore Crawler  
  178  41:51  Spore Crawler x2  
  178  41:52  Spore Crawler  
  191  41:54  Spore Crawler x2  
  191  41:55  Spore Crawler x3  
  191  41:56  Spore Crawler  
  191  41:57  Spore Crawler  
  191  41:59  Zergling x2  
  191  42:00  Zergling x30  
  199  42:15  Overlord  
  197  43:03  Zergling x6  
  68  43:43  Zergling x2  
  68  43:44  Zergling x32  
  68  43:45  Zergling x12  
  61  44:00  Zergling x18  
  61  44:01  Zergling x8  
Tags
 
Add a new tag
Caveats
  • Supply blocks, unpowered buildings, or Contaminate may cause inaccurate times.
  • Supply counts are checked every 10 seconds.